 Dungeon Crawl Stone Soup version 0.28.0-53-g5a82cb258f (webtiles) character file.

Game seed: 899229958811422285

256 MiltankisOP the Cleaver (level 6, 0/52 HPs)
             Began as a Hill Orc Fighter on June 18, 2022.
             Slain by Pikel
             ... wielding a +1 whip of freezing
              (1 damage)
             ... on level 4 of the Dungeon.
             The game lasted 00:03:41 (3078 turns).

MiltankisOP the Cleaver (Hill Orc Fighter)          Turns: 3078, Time: 00:03:42

Health: 0/52       AC: 12    Str: 27    XL:     6   Next: 15%
Magic:  6/6        EV:  9    Int:  8    God:
Gold:   87         SH:  4    Dex: 10    Spells: 5/5 levels left

rFire   . . .      SeeInvis .   a - +0 war axe
rCold   . . .      Faith    .   c - +0 buckler
rNeg    . . .      Spirit   .   b - +0 scale mail
rPois   .          Reflect  .   (no helmet)
rElec   .          Harm     .   (no cloak)
rCorr   .          Rampage  .   j - +0 pair of gloves
Will    .....                   (no boots)
Stlth   ..........              (no amulet)
HPRegen 0.17/turn               e - +6 ring of strength
MPRegen 0.10/turn               f - +4 ring of protection

@: mighty
A: no striking features
a: no special abilities


You were on level 4 of the Dungeon.
You visited 1 branch of the dungeon, and saw 4 of its levels.

You collected 87 gold pieces.

Inventory:

Hand Weapons
 a - a +0 war axe (weapon)
Armour
 b - a +0 scale mail (worn)
 c - a +0 buckler (worn)
 j - a +0 pair of gloves (worn)
Jewellery
 e - a +6 ring of strength (left hand)
 f - a +4 ring of protection (right hand)
Scrolls
 h - 3 scrolls of identify {unknown}
 i - a scroll of blinking {unknown}
 k - 4 scrolls of immolation {unknown}
 l - a scroll of summoning {unknown}
 m - a scroll of vulnerability {unknown}


   Skills:
 + Level 4.2 Fighting
 - Level 8.0 Axes
 - Level 3.2 Armour
 - Level 3.2 Shields


You had 5 spell levels left.
You didn't know any spells.
Your spell library was empty.

Dungeon Overview and Level Annotations

Branches:
Dungeon (4/15)
 Temple: D:4-7

Altars:
Ru
Wu Jian

Annotations:
D:4 Pikel


Message History

You slash the lemure!
The lemure is almost dead.
You closely miss the lemure.
The lemure is almost dead.
The gnoll hits you from afar with a +0 spear.
* * * LOW HITPOINT WARNING * * *
The lemure hits you but does no damage.
You barely miss the lemure.
The lemure is almost dead.
You block the gnoll's attack. The lemure barely misses you.
You hit the lemure.
The lemure is almost dead.
You closely miss the lemure.
The lemure is almost dead.
Your extra speed is starting to run out.
The gnoll hits you from afar with a +0 spear.
* * * LOW HITPOINT WARNING * * *
The lemure hits you but does no damage.
You slash the lemure!
You kill the lemure!
That felt strangely unrewarding.
The gnoll hits you but does no damage.
You closely miss the gnoll. You block the gnoll's attack.
You slash the gnoll!
The gnoll is severely wounded.
The gnoll hits you but does no damage.
You slash the gnoll!
You kill the gnoll!
You slice the ball python!!
You kill the ball python!
You feel yourself slow down. You block Pikel's attack.
The lemure barely misses you.
Things that are here:
a +0 spear; a ball python corpse You slash Pikel!
Pikel is moderately wounded.
You hit the lemure.
Pikel hits you with a +1 whip of freezing.
* * * LOW HITPOINT WARNING * * *
Pikel freezes you.
You die...

##. .# #.. #####.# #.# .......
#.# ....... . ....... . .......
.. ##########.......
#.....)).@K......
#######.########5...<..
#.........# ...(... #.........#
....... #.........# #######
#......^..####
#............########
#.........##........#
#.........#########.############


You could see Pikel and a lemure.

Vanquished Creatures
  3 lemures (D:4)
  A gnoll shaman (D:4)
  3 orc wizards (D:3)
  8 gnolls
  5 adders
  2 dart slugs (D:1)
  2 orcs (D:3)
  4 bats
  8 endoplasms
  5 goblins
  4 hobgoblins
  3 jackals
  4 kobolds
  A quokka (D:2)
  7 ball pythons
  3 frilled lizards (D:1)
  3 rats
66 creatures vanquished.

Notes
Turn   | Place    | Note
-------+----------+-------------------------------------------
     0 | D:1      | MiltankisOP the Hill Orc Fighter began the quest for the
                  | Orb.
     0 | D:1      | Reached XP level 1. HP: 19/19 MP: 1/1
    56 | D:1      | Reached skill level 3 in Axes
   184 | D:1      | Reached XP level 2. HP: 26/26 MP: 2/2
   211 | D:1      | Found a faded altar of an unknown god.
   257 | D:1      | Reached skill level 4 in Axes
   537 | D:1      | Reached XP level 3. HP: 29/31 MP: 3/3
   971 | D:2      | Reached skill level 5 in Axes
  1795 | D:3      | Reached XP level 4. HP: 39/39 MP: 4/4
  1958 | D:3      | Reached skill level 6 in Axes
  1976 | D:3      | Reached XP level 5. HP: 5/45 MP: 5/5
  2313 | D:3      | Reached skill level 7 in Axes
  2413 | D:3      | Found an ornate altar of the Wu Jian Council.
  2413 | D:3      | Found a sacrificial altar of Ru.
  3028 | D:4      | Noticed a lemure
  3028 | D:4      | Noticed a lemure
  3030 | D:4      | Noticed Pikel
  3032 | D:4      | Noticed a lemure
  3040 | D:4      | Reached skill level 8 in Axes
  3040 | D:4      | Reached XP level 6. HP: 42/52 MP: 6/6
  3078 | D:4      | HP: 1/52 [Pikel/+1 whip of freezing (4)]
  3078 | D:4      | Slain by Pikel

Illustrated notes

Levels and vault maps discovered:
D:1:      psy_arrival_radial01, layout_loops_ring,
          shapermc_ecumenical_altar_mp_vishouse
D:2:      layout_basic
D:3:      minmay_evil_eye, layout_loops_ring, gammafunk_temple_overflow_wave,
          chequers_decorated_corner
D:4:      layout_rooms, feat_on_display, uniq_pikel

Skill      XL: |  1  2  3  4  5  6 |
---------------+-------------------+-----
Axes           | 3 4 5 6 8 |  8.0
Fighting       | 4 |  4.2
Armour         | |  3.2
Shields        | |  3.2

Action                   |  1- 3 |  4- 6 || total
-------------------------+-------+-------++-------
Melee: War axe           |    90 |   136 ||   226
  Use: Potion            |       |     3 ||     3
Armor: Scale mail        |    45 |    58 ||   103
Dodge: Dodged            |    43 |    53 ||    96
Block: Buckler           |    23 |    23 ||    46
